 Dungeon Sprint DCSS version 0.30-a0-605-gb2882149bf (webtiles) character file.

Game seed: 4890609884359983632

13351 mhtbhm the Brawler (level 11, -1/124 HPs)
             Began as a Troll Transmuter on Jan 7, 2023.
             Was an Initiate of Gozag.
             Slain by an ice devil (13 damage)
             ... summoned by an orc high priest
             ... in the Dungeon (Sprint III: "The Ten Rune Challenge").
             The game lasted 00:06:19 (2101 turns).

mhtbhm the Brawler (Troll Transmuter)               Turns: 2101, Time: 00:06:20

Health: -1/124     AC: -37   Str: 24    XL:     11   Next: 74%
Magic:  21/23      EV: 12    Int:  9    God:    Gozag
Gold:   5919       SH:  0    Dex: 10    Spells: 18/28 levels left

rFire   x . .      SeeInvis .      - Unarmed
rCold   + + +      Faith    .    (shield currently unavailable)
rNeg    . . .      Spirit   .    (body armour currently unavailable)
rPois   +          Reflect  .    (helmet currently unavailable)
rElec   .          Harm     .    (cloak currently unavailable)
rCorr   .          Rampage  .    (gloves unavailable)
Will    .....      NoTele   +    (boots unavailable)
Stlth   +++                      (no amulet)
HPRegen 1.20/turn                (no ring)
MPRegen 0.18/turn                (no ring)

@: ice-form, wereblooded, corroded
A: freezing attack, amphibious, boosted hp, large, unfitting armour, (claws 3),
regeneration 1, (shaggy fur 1), (tough skin 1)
a: End Transformation, Renounce Religion, Potion Petition, Call Merchant, Bribe
Branch


You were in the Dungeon.
You worshipped Gozag.
Gozag was greatly pleased with you.
You were a creature of crystalline ice.
You visited 1 branch You collected 7021 gold pieces.
You spent 660 gold pieces at shops.
You paid 442 gold pieces to Gozag.

Inventory:

Missiles
 m - 7 curare-tipped darts
Armour
 a - a +2 robe of positive energy (melded)
Scrolls
 i - 5 scrolls of identify
 j - 2 scrolls of poison {unknown}
Potions
 b - a potion of lignification
 c - 2 potions of curing
 f - 2 potions of magic
 h - a potion of might
 k - 2 potions of flight
 l - 6 potions of mutation
Miscellaneous
 e - a condenser vane (inert)
 g - a box of beasts


   Skills:
 + Level 5.3 Fighting
 + Level 7.4 Dodging
 + Level 5.1 Stealth
 + Level 18.6 Unarmed Combat
 + Level 9.1 Spellcasting
 + Level 10.1 Transmutations
 + Level 4.0 Ice Magic
 + Level 1.1 Poison Magic
 + Level 1.3 Evocations


You had 18 spell levels left.
You knew the following spells:

 Your Spells              Type           Power      Damage    Failure   Level
a - Beastly Appendage     Tmut           44%        N/A       1%          1
b - Wereblood             Tmut           22%        N/A       1%          2
c - Spider Form           Tmut/Pois      14%        N/A       4%          3
d - Ice Form              Ice/Tmut       16%        N/A       9%          4

Your spell library contained the following spells:

 Spells                   Type           Power      Damage    Failure   Level
 Shock                    Conj/Air       16%        1d4       16%         1
 Dazzling Flash           Conj/Hex       8%         N/A       43%         3
 Swiftness                Air            4%         N/A       43%         3
 Airstrike                Air            2%         2d(1-17)  85%         4
 Iskenderun's Mystic Bla  Conj/Tloc      4%         2d3       85%         4
 Starburst                Conj/Fire      2%         6d3       100%        6


Dungeon Overview and Level Annotations

Branches:
Dungeon (1/1)

Altars:
Cheibriados
Dithmenos
Elyvilon
Fedhas
Gozag
Hepliaklqana
Kikubaaqudgha
Makhleb
Nemelex Xobeh
Okawaru
Qazlal
Ru
Sif Muna
Trog
Uskayaw
Vehumet
Wu Jian
Xom
Yredelemnul
Zin
The Shining One
Jiyva
Lugonu

Shops:
D *!


Innate Abilities, Weirdness & Mutations

You are a creature of crystalline ice.
You have a powerful freezing melee attack.
You are amphibious.
Your maximum health is increased.
Your armour is entirely melded.
You are incapable of wielding weapons or throwing items.
You are too large for most types of armour.
((You have claws for hands.))
Your natural rate of healing is unusually fast.
((You are covered in fur. (AC +1)))
((You have tough skin. (AC +1)))


Message History

The rust devil closely misses you. The orc high priest closely misses you.
You punch the orc high priest! You freeze the orc high priest.
The orc high priest is moderately wounded.
The ice devil hits you!
* * * LOW HITPOINT WARNING * * *
The ice devil freezes you. You resist.
* * * LOW HITPOINT WARNING * * *
The rust devil hits you!
* * * LOW HITPOINT WARNING * * *
The rust devil corrodes you!
You feel much better.
The orc high priest hits you with a +0 trident!
* * * LOW HITPOINT WARNING * * *
The ice devil hits you.
* * * LOW HITPOINT WARNING * * *
The ice devil freezes you. You resist.
* * * LOW HITPOINT WARNING * * *
The rust devil misses you.
Okay, then.
Okay, then.
Okay, then.
Clouds of poison gas condense around you!
The condenser dries out!
The orc high priest is engulfed in poison gas.
The orc high priest is poisoned.
The orc high priest hits you with a +0 trident!
* * * LOW HITPOINT WARNING * * *
The ice devil hits you.
* * * LOW HITPOINT WARNING * * *
The ice devil freezes you. You resist.
* * * LOW HITPOINT WARNING * * *
The rust devil misses you.
You feel better.
The orc high priest is engulfed in poison gas.
The orc high priest looks even sicker.
The orc high priest hits you with a +0 trident.
* * * LOW HITPOINT WARNING * * *
The ice devil hits you!
You die...
Your body crumbles into a pile of gold.

......~~~...##.#.#.##.......#
≈≈≈≈≈≈≈≈♣♣P.'.#.#.#.#.......#
♣♣♣♣♣♣♣♣♣♣PP##)#.#.##########
♣♣♣##)######## #...'.≈≈≈≈# #
$$#...#§§≈≈§# # $ #...#§#§≈§#
#+ #####§# ≈§≈# .# #.P4Y§# §≈
.# #.§Po4# ## #..§§§# #.....#
#+##### $


You could see an orc high priest (very poisoned), an ice devil (summoned) and a
rust devil (summoned).

Vanquished Creatures
  Dowan (D)
  Snorg (D)
  A centaur warrior (D)
  Urug (D)
  2 deep elf knights (D)
  A lindwurm (D)
  An orc sorcerer (D)
  4 deep elf pyromancers (D)
  Duvessa (D)
  2 cane toads (D)
  A komodo dragon (D)
  A rime drake (D)
  An unseen horror (D)
  A queen bee (D)
  2 tyrant leeches (D)
  An orc high priest (D)
  5 blink frogs (D)
  A shadow (D)
  3 redbacks (D)
  A spatial vortex (D)
  3 wandering mushrooms (D)
  A swamp drake (D)
  2 centaurs (D)
  An earth elemental (D)
  A necrophage (D)
  A scorpion (D)
  A water elemental (D)
  24 killer bees (D)
  6 orc priests (D)
  A jelly (D)
  A wizard (D)
  A necromancer (D)
  4 orc wizards (D)
  3 humans (D)
  A kobold demonologist (D)
  8 orcs (D)
  A bat (D)
  4 rats (D)
96 creatures vanquished.

Vanquished Creatures (collateral kills)
  7 killer bees (D)
7 creatures vanquished.

Vanquished Creatures (others)
  A killer bee (D)
  4 plants (D)
5 creatures vanquished.

Grand Total: 108 creatures vanquished

Notes
Turn   | Place    | Note
-------+----------+-------------------------------------------
     0 | D        | mhtbhm the Troll Transmuter began the quest for the Orb.
     0 | D        | Reached XP level 1. HP: 18/18 MP: 1/1
   156 | D        | Noticed a scorpion
   165 | D        | Killed a scorpion
   166 | D        | Reached skill level 5 in Unarmed Combat
   166 | D        | Reached XP level 2. HP: 17/26 MP: 1/4
   166 | D        | Reached XP level 3. HP: 21/32 MP: 1/6
   225 | D        | Learned a level 2 spell: Wereblood
   229 | D        | Learned a level 3 spell: Spider Form
   238 | D        | Reached skill level 6 in Unarmed Combat
   238 | D        | Reached XP level 4. HP: 40/40 MP: 3/7
   249 | D        | Noticed a water elemental
   440 | D        | Killed a water elemental
   441 | D        | Reached skill level 7 in Unarmed Combat
   441 | D        | Reached XP level 5. HP: 46/46 MP: 4/9
   480 | D        | Learned a level 4 spell: Ice Form
   492 | D        | Noticed a shadow
   495 | D        | Killed a shadow
   496 | D        | Reached skill level 1 in Fighting
   496 | D        | Reached skill level 1 in Stealth
   496 | D        | Reached skill level 8 in Unarmed Combat
   496 | D        | Reached XP level 6. HP: 54/55 MP: 6/11
   501 | D        | Found a blossoming altar of Fedhas.
   501 | D        | Found a stormy altar of Qazlal.
   502 | D        | Found a snail-covered altar of Cheibriados.
   502 | D        | Found a burning altar of Makhleb.
   502 | D        | Found a hazy altar of Hepliaklqana.
   502 | D        | Found a shimmering altar of Xom.
   502 | D        | Found an opulent altar of Gozag.
   502 | D        | Found a sparkling altar of Nemelex Xobeh.
   502 | D        | Found a corrupted altar of Lugonu.
   502 | D        | Found a viscous altar of Jiyva.
   502 | D        | Noticed a spatial vortex
   507 | D        | Killed a spatial vortex
   508 | D        | Reached skill level 9 in Unarmed Combat
   508 | D        | Reached skill level 5 in Transmutations
   509 | D        | Became a worshipper of Gozag Ym Sagoz the Greedy
   572 | D        | Found a basalt altar of Yredelemnul.
   572 | D        | Found a shadowy altar of Dithmenos.
   572 | D        | Found a sacrificial altar of Ru.
   579 | D        | Reached skill level 5 in Spellcasting
   579 | D        | Reached XP level 7. HP: 61/62 MP: 10/13
   597 | D        | Found a radiant altar of Vehumet.
   597 | D        | Found a shimmering blue altar of Sif Muna.
   597 | D        | Found an ancient bone altar of Kikubaaqudgha.
   600 | D        | Reached skill level 10 in Unarmed Combat
   608 | D        | Found a glowing silver altar of Zin.
   609 | D        | Found a glowing golden altar of the Shining One.
   609 | D        | Found a white marble altar of Elyvilon.
   609 | D        | Noticed a deep elf pyromancer
   617 | D        | Killed a deep elf pyromancer
   618 | D        | Reached skill level 11 in Unarmed Combat
   618 | D        | Reached XP level 8. HP: 56/70 MP: 11/16
   620 | D        | Found a hide-covered altar of Uskayaw.
   620 | D        | Found an iron altar of Okawaru.
   620 | D        | Found a bloodstained altar of Trog.
   620 | D        | Found an ornate altar of the Wu Jian Council.
   697 | D        | Noticed Snorg
   735 | D        | Killed Snorg
   736 | D        | Reached skill level 12 in Unarmed Combat
   787 | D        | Reached XP level 9. HP: 66/79 MP: 12/18
   792 | D        | Noticed a centaur warrior
   796 | D        | Reached skill level 5 in Dodging
   801 | D        | Killed a centaur warrior
   802 | D        | Reached skill level 13 in Unarmed Combat
   802 | D        | Reached skill level 1 in Poison Magic
   917 | D        | Killed an unseen horror
   918 | D        | Reached skill level 1 in Ice Magic
   929 | D        | Noticed a wandering mushroom
   935 | D        | Noticed a wandering mushroom
   937 | D        | Noticed a wandering mushroom
   950 | D        | Reached skill level 14 in Unarmed Combat
  1043 | D        | Noticed a cane toad
  1043 | D        | Noticed a komodo dragon
  1043 | D        | Noticed a cane toad
  1047 | D        | Killed a cane toad
  1049 | D        | Killed a cane toad
  1050 | D        | Reached XP level 10. HP: 91/91 MP: 14/20
  1075 | D        | Reached skill level 15 in Unarmed Combat
  1323 | D        | Noticed a lindwurm
  1327 | D        | Killed a lindwurm
  1328 | D        | Reached skill level 16 in Unarmed Combat
  1339 | D        | Noticed Urug
  1344 | D        | Killed Urug
  1560 | D        | Bought a condenser vane for 520 gold pieces
  1565 | D        | Noticed an orc sorcerer
  1570 | D        | Killed an orc sorcerer
  1571 | D        | Reached XP level 11. HP: 101/101 MP: 16/22
  1591 | D        | Found Unounibb's Distillery.
  1679 | D        | Bought a potion of curing for 42 gold pieces
  1679 | D        | Bought a potion of curing for 42 gold pieces
  1679 | D        | Bought a potion of might for 56 gold pieces
  1744 | D        | Noticed a deep elf pyromancer
  1744 | D        | Noticed a deep elf knight
  1744 | D        | Noticed a deep elf pyromancer
  1744 | D        | Noticed a deep elf knight
  1744 | D        | Noticed a deep elf pyromancer
  1761 | D        | Killed a deep elf knight
  1762 | D        | Reached skill level 17 in Unarmed Combat
  1763 | D        | Killed a deep elf knight
  1764 | D        | Reached skill level 5 in Fighting
  1793 | D        | Killed a deep elf pyromancer
  1795 | D        | Killed a deep elf pyromancer
  1803 | D        | Killed a deep elf pyromancer
  1831 | D        | Noticed a deep elf annihilator
  1916 | D        | Reached skill level 1 in Evocations
  1921 | D        | Reached skill level 18 in Unarmed Combat
  2001 | D        | Noticed Dowan
  2001 | D        | Noticed Duvessa
  2012 | D        | Killed Duvessa
  2015 | D        | Killed Dowan
  2016 | D        | Reached skill level 5 in Stealth
  2016 | D        | Reached skill level 10 in Transmutations
  2098 | D        | HP: 2/124 [rust devil[an orc high priest] (12)]
  2101 | D        | Slain by an ice devil

Illustrated notes

Levels and vault maps discovered:
D:        dungeon_sprint_mu [sprint_mu_entry_forest, sprint_mu_temple_rooms,
          sprint_mu_d1_horrors, sprint_mu_d2_genie, sprint_mu_d3_branching,
          sprint_mu_orc_legion, sprint_mu_elf_gauntlet, sprint_mu_hive_nellie,
          sprint_mu_lair_fedhas, sprint_mu_vaults_butterflies,
          sprint_mu_slime_circle, sprint_mu_swamp_cave, sprint_mu_shoals_archi,
          sprint_mu_blade_basic, sprint_mu_crypt_lich, sprint_mu_tomb_spiral,
          sprint_mu_vestibule_basic, sprint_mu_gehenna_hellfire,
          sprint_mu_dis_giant, sprint_mu_tartarus_statrot,
          sprint_mu_cocytus_islands, sprint_mu_zot1]

Skill      XL: |  1  2  3  4  5  6  7  8  9 10 11 |
---------------+----------------------------------+-----
Spellcasting   | 2 3 4 5 6 7 8 9 |  9.1
Dodging        | 2 3 4 5 7 |  7.4
Unarmed Combat | 5 6 7 8 9 11 12 14 16 18 | 18.6
Transmutations | 2 3 4 5 6 7 8 9 10 | 10.1
Fighting       | 1 2 3 4 5 |  5.3
Stealth        | 1 2 3 4 5 |  5.1
Poison Magic   | 1 |  1.1
Ice Magic      | 1 3 4 |  4.0
Evocations     | 1 |  1.3

Action                   |  1- 3 |  4- 6 |  7- 9 | 10-12 || total
-------------------------+-------+-------+-------+-------++-------
Melee: Unarmed           |    20 |    21 |    73 |   120 ||   234
       Kick              |     4 |     7 |     4 |     1 ||    16
       Headbutt          |     3 |     3 |     1 |       ||     7
       Punch             |       |     1 |       |     1 ||     2
 Cast: Beastly Appendage |     4 |     2 |     1 |     1 ||     8
       Wereblood         |     1 |     3 |     6 |     8 ||    18
       Ice Form          |       |       |     5 |     7 ||    12
       Spider Form       |       |       |     1 |       ||     1
Invok: Call Merchant     |       |       |       |     1 ||     1
Evoke: Condenser vane    |       |       |       |     4 ||     4
  Use: Potion            |       |     1 |     1 |     4 ||     6
       Scroll            |       |     1 |       |       ||     1
 Stab: Sleeping          |     1 |       |       |     1 ||     2
       Distracted        |       |       |     1 |     2 ||     3
       Confused          |       |       |       |     5 ||     5
Armor: Robe              |     4 |     1 |       |       ||     5
       Skin              |       |       |    16 |     7 ||    23
Dodge: Dodged            |     8 |     6 |    30 |    35 ||    79

Table legend: (Time is in decaauts)
 A = Elapsed time spent in this place.
 B = Non-inter-level travel time spent in this place.
 C = Inter-level travel time spent in this place.
 D = Time resting spent in this place.
 E = Time spent auto-exploring this place.
 F = Levels seen in this place.
 G = Mean time per level.
                   A        B        C        D        E       F      G
               +--------+--------+--------+--------+--------+-----+--------+
         Total |   2031 |   2007 |     24 |    879 |      1 |   1 | 2031.0 |
       Dungeon |   2031 |   2007 |     24 |    879 |      1 |   1 | 2031.0 |
               +--------+--------+--------+--------+--------+-----+--------+

Top non-repeatable levels by time:
       D: 2031 daAuts
